 Dungeon Crawl Stone Soup version 0.31.0-11-ge490571c62 (webtiles) character file.

Game seed: 3472246510774464628

47 qw the Shooter (level 3, 0/20 HPs)
             Began as a Deep Elf Hunter on Feb 3, 2024.
             Slain by a ribbon worm (3 damage)
             ... on level 2 of the Dungeon.
             The game lasted 00:00:04 (1353 turns).

qw the Shooter (Deep Elf Hunter)                    Turns: 1353, Time: 00:00:04

Health: 0/20       AC:  3    Str: 10    XL:     3   Next: 48%
Magic:  5/5        EV: 12    Int: 13    God:
Gold:   25         SH:  0    Dex: 18    Spells: 2/2 levels left

rFire   . . .        a - +0 shortbow
rCold   . . .        (shield currently unavailable)
rNeg    . . .        c - +0 leather armour
rPois   .            (no helmet)
rElec   .            (no cloak)
rCorr   .            (no gloves)
SInv    .            (no boots)
Will    .....        (no amulet)
Stlth   ++           (no ring)
HPRegen 0.23/turn    (no ring)
MPRegen 0.09/turn

%: no passive effects
@: about to teleport
A: no striking features
a: no special abilities


You were on level 2 of the Dungeon.
You visited 1 branch of the dungeon, and saw 2 of its levels.

You collected 25 gold pieces.


   Skills:
 - Level 1.5 Fighting
 + Level 7.0 Ranged Weapons
 - Level 2.4 Dodging
 - Level 1.2 Stealth


You had 2 spell levels left.
You didn't know any spells.
Your spell library was empty.

Inventory:

Hand Weapons
 a - a +0 shortbow (weapon)
Armour
 c - a +0 leather armour (worn)
 d - a +0 pair of gloves
Jewellery
 e - a +5 ring of evasion
Scrolls
 b - a scroll of poison {unknown}

Dungeon Overview and Level Annotations

Branches:
Dungeon (2/15)

Altars:


Message History

The arrow hits the ribbon worm but does no damage.
You shoot an arrow. The arrow hits the ribbon worm.
The ribbon worm is moderately wounded.
You shoot an arrow. The arrow hits the ribbon worm!
The ribbon worm is severely wounded.
The ribbon worm expels a string of sticky webbing.
The stream of webbing misses you.
You shoot an arrow. The arrow hits the ribbon worm.
The ribbon worm is severely wounded.
The ribbon worm expels a string of sticky webbing.
The stream of webbing hits you but does no damage.
You are caught in a web!
The web tears apart.
You shoot an arrow.
The arrow hits the ribbon worm but does no damage.
The ribbon worm is severely wounded.
The ribbon worm bites you.
You shoot an arrow. The arrow hits the ribbon worm.
The ribbon worm is severely wounded.
The ribbon worm bites you.
You shoot an arrow. The arrow hits the ribbon worm.
The ribbon worm is severely wounded.
You shoot an arrow. The arrow hits the ribbon worm.
The ribbon worm is almost dead.
The ribbon worm expels a string of sticky webbing.
The stream of webbing hits you but does no damage.
You are caught in a web!
You struggle to detach yourself from the web.
The ribbon worm bites you.
The web tears apart.
The ribbon worm bites you!
1352 ||| READING scroll of teleportation.
As you read the scroll of teleportation, it crumbles to dust.
You feel strangely unstable. The ribbon worm completely misses you.
You shoot an arrow.
The arrow hits the ribbon worm but does no damage.
The ribbon worm is severely wounded.
The ribbon worm bites you.
You die...

.. #.......
... #.......
..##......
.. ........
... #.....#
...##.....#
#....w..#
#.....@.#
#.......#
#.....###
#.....#
#.....###
#.......##
#...%....#
#......#.###
#......#...#


You could see a ribbon worm.

Vanquished Creatures
  An adder (D:2)
  An endoplasm (D:1)
  4 goblins (D:1)
  3 hobgoblins (D:1)
  6 jackals
  A quokka (D:2)
  9 ball pythons
  3 bats (D:1)
  2 frilled lizards
  2 kobolds (D:1)
  4 rats
36 creatures vanquished.

Notes
Turn   | Place    | Note
-------+----------+-------------------------------------------
     0 | D:1      | qw the Deep Elf Hunter began the quest for the Orb.
     0 | D:1      | Reached XP level 1. HP: 12/12 MP: 3/3
     0 | D:1      | 0 ||| qw: Version: 0.3-a-157-g843a77d
     0 | D:1      | 0 ||| qw: Game counter: 4023
     0 | D:1      | 0 ||| qw: Melee chars always use a shield: true
     0 | D:1      | 0 ||| qw: God list: Okawaru
     0 | D:1      | 0 ||| qw: Allow faded altars: false
     0 | D:1      | 0 ||| qw: Do Orc after clearing Dungeon:15 true
     0 | D:1      | 0 ||| qw: Do second Lair branch before Depths: true
     0 | D:1      | 0 ||| qw: Lair rune preference: random
     0 | D:1      | 0 ||| qw: Goals: Normal
     0 | D:1      | 0 ||| PLANNING D:1-11
    57 | D:1      | 57 ||| READING scroll labelled XUOFAA REKETA.
   114 | D:1      | 114 ||| DROPPING amulet of magic regeneration.
   115 | D:1      | 115 ||| READING scroll labelled UHACSUCZ ZUSHES.
   123 | D:1      | Reached skill level 6 in Ranged Weapons
   123 | D:1      | Reached XP level 2. HP: 12/16 MP: 4/4
   140 | D:1      | 140 ||| READING 2 scrolls labelled QUOFAMMUME.
   141 | D:1      | 141 ||| DROPPING scroll of butterflies.
   142 | D:1      | 142 ||| DROPPING scroll of noise.
   875 | D:1      | Reached XP level 3. HP: 20/20 MP: 5/5
  1103 | D:1      | 1103 ||| READING scroll labelled JOEJOS GAZXEUV.
  1104 | D:1      | 1104 ||| READING scroll labelled REOTOXZ PETUH.
  1105 | D:1      | 1105 ||| READING scroll labelled FIUTHR YSTESU.
  1106 | D:1      | 1106 ||| READING scroll labelled MIXET FOGUAMUA.
  1106 | D:1      | 1106 ||| IDENTIFYING emerald potion
  1107 | D:1      | 1107 ||| DRINKING 2 bubbling clear potions.
  1108 | D:1      | 1108 ||| DRINKING potion of curing.
  1108 | D:1      | 1108 ||| (to cure confusion)
  1109 | D:1      | 1109 ||| DROPPING potion of ambrosia.
  1221 | D:2      | Reached skill level 7 in Ranged Weapons
  1351 | D:2      | HP: 2/20 [ribbon worm (8)]
  1352 | D:2      | 1352 ||| READING scroll of teleportation.
  1353 | D:2      | Slain by a ribbon worm

Levels and vault maps discovered:
D:1:      sevenhm_arrival_forest_fort_large_2, layout_loops_ring,
          serial_co_window_serial, co_window_paths_a, co_window_paths_b,
          co_window_of_opportunity_a, co_window_of_opportunity_a,
          co_window_corner_a, co_window_corner_b, co_window_of_opportunity_b,
          co_window_unsneaky_path_e, co_window_paths_c, co_window_paths_d,
          co_window_4corner_b, corexii_item_surrounded_by_moat,
          minmay_door_square, minmay_misc_feat_five
D:2:      layout_basic

Skill      XL: |  1  2  3 |
---------------+----------+-----
Ranged Weapons | 6 7 |  7.0
Fighting       | |  1.5
Dodging        | |  2.4
Stealth        | |  1.2

Action                     || total
---------------------------++-------
   Fire: Shortbow          ||    97
    Use: Scroll            ||     8
         Potion            ||     2
 Armour: Leather armour    ||    18
  Dodge: Dodged            ||    20

Table legend:
 A = Non-vault XP
 B = Vault XP
 C = Vault XP percentage of total XP
 D = Non-vault monster count
 E = Vault monster count
 F = Vault count percentage of total count
                 A         B        C        D         E       F
            +---------+---------+-------+---------+---------+-------
      Total |      68 |       0 |   0.0 |      36 |       0 |   0.0
            +---------+---------+-------+---------+---------+-------
        D:1 |      41 |       0 |   0.0 |      27 |       0 |   0.0
        D:2 |      27 |       0 |   0.0 |       9 |       0 |   0.0
            +---------+---------+-------+---------+---------+-------
